 Dungeon Crawl Stone Soup version 0.29.0-11-gd7f09526c8 (webtiles) character file.

Game seed: 13882384520815666738

468 robertstho the Ruffian (level 7, 0/37 HPs)
             Began as a Vine Stalker Berserker on Sept 2, 2022.
             Was a Priest of Trog.
             Slain by a gnoll
             ... wielding a +0 halberd
              (8 damage)
             ... on level 5 of the Dungeon.
             The game lasted 00:05:27 (3589 turns).

robertstho the Ruffian (Vine Stalker Berserker)     Turns: 3589, Time: 00:05:28

Health: 0/37       AC: 12    Str: 21    XL:     7   Next: 8%
Magic:  0/8        EV: 12    Int:  7    God:    Trog [***...]
Gold:   131        SH:  0    Dex: 14    Spells: 6/6 levels left

rFire   + . .      SeeInvis .     - Unarmed
rCold   x . .      Faith    .   (no shield)
rNeg    . . .      Spirit   +   g - +0 chain mail
rPois   .          Reflect  .   b - +2 helmet
rElec   .          Harm     .   (no cloak)
rCorr   .          Rampage  .   (no gloves)
Will    .....                   (no boots)
Stlth   ..........              (no amulet)
HPRegen 0.92/turn               c - ring of fire
MPRegen 0.11/turn               f - +4 ring of evasion

@: weak-willed, on berserk cooldown, slowed, very slow
A: fangs 2, regeneration 1, magic shield, antimagic bite, no potion heal 2
a: Renounce Religion, Berserk, Trog's Hand


You were on level 5 of the Dungeon.
You worshipped Trog.
Trog was most pleased with you.
You visited 1 branch of the dungeon, and saw 5 of its levels.

You collected 157 gold pieces.
You spent 26 gold pieces at shops.

Inventory:

Hand Weapons
 a - the +8 rapier of Doom {vorpal, rC+}
   (You found it on level 2 of the Dungeon)

   It inflicts extra damage upon your enemies.
   rC:        It protects you from cold.
Armour
 b - a +2 helmet (worn)
 g - a +0 chain mail (worn)
Jewellery
 c - a ring of fire (left hand)
 f - a +4 ring of evasion (right hand)
Wands
 m - a wand of polymorph (8)
Scrolls
 h - 2 scrolls of immolation
 o - a scroll of magic mapping
Potions
 d - a potion of curing
 e - a potion of might
 i - a potion of magic {unknown}
 j - a potion of degeneration {unknown}
 k - a potion of mutation {unknown}
 l - a potion of ambrosia


   Skills:
 * Level 4.0 Fighting
 * Level 3.1 Armour
 + Level 2.2 Dodging
 * Level 3.4 Stealth
 + Level 5.1 Unarmed Combat


You had 6 spell levels left.
You didn't know any spells.
Your spell library was empty.

Dungeon Overview and Level Annotations

Branches:
Dungeon (5/15)             Temple (0/1) D:4

Altars:
Ashenzari
Ru
The Shining One

Shops:
D:2 =*   D:3 (


Innate Abilities, Weirdness & Mutations

You have extremely sharp teeth.
Your natural rate of healing is unusually fast.
When hurt, damage is shared between your health and your magic reserves.
Your bite disrupts and absorbs the magic of your enemies.
Potions cannot restore your health.


Message History

You hear some strange, mumbled words.
A magic dart appears from out of thin air!
The magic dart hits you but does no damage.
You barely miss the gnoll. You hit the gnoll. Your punch misses the gnoll.
The gnoll is moderately wounded.
You hear some strange, mumbled words.
You are confused.
The gnoll hits you from afar with a +0 halberd!
You're too confused to move!
Unknown command.
You feel a strong urge to attack something.
You are no longer berserk.
You are exhausted.
You feel yourself slow down. The gnoll barely misses you.
The gnoll hits you with a +3 flail. Something hits you but does no damage.
The gnoll misses you.
Things that are here:
a +0 club; a +0 chain mail Your system rejects the healing.
You feel better. Something hits you but does no damage.
The gnoll hits you with a +0 halberd! The gnoll barely misses you.
The gnoll hits you but does no damage.
As you read the scroll labelled SUMILI SAQA, it crumbles to dust.
Magic quickly surges around you.
It was a scroll of vulnerability.
Something hits you but does no damage. The gnoll hits you with a +0 halberd.
The gnoll closely misses you. The gnoll hits you with a +3 flail.
You hear some strange, mumbled words.
You are confused.
The gnoll hits you with a +3 flail. The gnoll hits you with a +0 whip.
The gnoll closely misses you.
Your system rejects the healing.
You feel better. Something hits you but does no damage.
The gnoll hits you with a +0 halberd. The gnoll barely misses you. x2
You have no ailments to cure.
Something hits you but does no damage. The gnoll closely misses you.
The gnoll barely misses you. The gnoll hits you with a +0 whip.
The gnoll hits you with a +3 flail.
* * * LOW HITPOINT WARNING * * *
The gnoll hits you from afar with a +0 halberd!
You die...

#. .. .# .. .# #.
.# #. ###.#####. #.
#.........
#.###.........
#.#.<...........
..........@g.......
......###..g(......
#.#.#. ##g).......
. # # ........###
..........#
#..........#
#..........#
#..........#
#..........#


You could see 3 gnolls.

Vanquished Creatures
  A phantom (D:4)
  2 scorpions
  2 hounds
  An iguana (D:3)
  A gnoll (D:5)
  7 adders
  A white imp (D:3)
  3 worms
  2 dart slugs
  9 orcs
  3 ball pythons
  5 bats
  4 endoplasms
  4 giant cockroaches
  17 goblins
  8 hobgoblins
  5 jackals
  6 kobolds
  A quokka (D:3)
  5 frilled lizards
  2 goblin skeletons (D:3)
  2 goblin zombies (D:3)
  A hobgoblin zombie (D:3)
  An orc skeleton (D:3)
  6 rats
99 creatures vanquished.

Notes
Turn   | Place    | Note
-------+----------+-------------------------------------------
     0 | D:1      | robertstho the Vine Stalker Berserker began the quest for
                  | the Orb.
     0 | D:1      | Reached XP level 1. HP: 11/11 MP: 2/2
   127 | D:1      | Reached XP level 2. HP: 4/16 MP: 3/3
   601 | D:1      | Reached skill level 1 in Stealth
   875 | D:1      | Reached XP level 3. HP: 12/20 MP: 2/4
  1774 | D:2      | Identified the +8 rapier of Doom {vorpal, rC+}
  1783 | D:2      | Gained mutation: Your natural rate of healing is unusually
                  | fast. [Vine Stalker growth]
  1783 | D:2      | Reached XP level 4. HP: 23/24 MP: 5/5
  1795 | D:2      | Reached ** piety under Trog
  1859 | D:2      | Found a faded altar of an unknown god.
  1995 | D:2      | Found Qegua's General Store.
  2010 | D:2      | Bought a scroll of identify for 26 gold pieces
  2162 | D:2      | Found Sygafiat's One-of-a-Kind Rings.
  2261 | D:3      | Found Lanalih's Antique Weapon Boutique.
  2400 | D:3      | Reached XP level 5. HP: 28/28 MP: 6/6
  2440 | D:3      | Found a sacrificial altar of Ru.
  2494 | D:3      | Found a glowing golden altar of the Shining One.
  2504 | D:3      | Reached skill level 4 in Unarmed Combat
  2803 | D:3      | Reached *** piety under Trog
  3000 | D:4      | Found a staircase to the Ecumenical Temple.
  3096 | D:4      | Noticed a phantom
  3111 | D:4      | Killed a phantom
  3112 | D:4      | Reached XP level 6. HP: 33/33 MP: 7/7
  3212 | D:4      | Reached skill level 5 in Unarmed Combat
  3473 | D:4      | Found a broken altar of Ashenzari.
  3542 | D:5      | Entered Level 5 of the Dungeon
  3564 | D:5      | Reached XP level 7. HP: 37/37 MP: 8/8
  3589 | D:5      | Slain by a gnoll

Illustrated notes

Levels and vault maps discovered:
D:1:      wander_arrival_desolate, layout_basic
D:2:      layout_basic, hellmonk_ecumenical_altar_defaced_shrine, serial_shops,
          nicolae_shop_temple_entry_statues_fountains,
          nicolae_shop_unique_rings, minmay_distorted
D:3:      layout_basic, nicolae_tso_besieged_by_evil,
          mainiacjoe_overflow_surrounded_room, serial_shops,
          nicolae_shop_crystal, minmay_goblin_outpost
D:4:      layout_cave_pools, kennysheep_mini, minmay_temple_entry_purple_smoke
D:5:      layout_rooms, nicolae_sextant, kennysheep_small_circle, uniq_grinder

Skill      XL: |  1  2  3  4  5  6  7 |
---------------+----------------------+-----
Fighting       | 3 4 |  4.0
Stealth        | 1 2 3 |  3.4
Armour         | 2 3 |  3.1
Dodging        | 2 |  2.2
Unarmed Combat | 4 5 |  5.1

Action                   |  1- 3 |  4- 6 |  7- 9 || total
-------------------------+-------+-------+-------++-------
Melee: Unarmed           |   109 |   176 |    17 ||   302
       Bite              |    26 |    49 |     2 ||    77
       Punch             |     1 |     5 |       ||     6
Invok: Berserk           |     3 |     1 |     1 ||     5
  Use: Scroll            |     1 |     4 |     1 ||     6
       Potion            |       |       |     2 ||     2
Armor: Animal skin       |    19 |       |       ||    19
       Chain mail        |    33 |    64 |    11 ||   108
Dodge: Dodged            |    95 |   108 |    20 ||   223
